 Dungeon Crawl Stone Soup version 0.24-a0-378-g94936e539c (webtiles) character file.

Game seed: 1875378651801044655

49698 Iscandelvey the Black Sun (level 14, -10/88 HPs)
             Began as a Demonspawn Arcane Marksman on June 1, 2019.
             Was a High Priest of Kikubaaqudgha.
             Killed from afar by Nikola (25 damage)
             ... with a chain lightning
             ... on level 1 of the Spider Nest on June 2, 2019.
             The game lasted 04:49:44 (27427 turns).

Iscandelvey the Black Sun (DsAM)                   Turns: 27427, Time: 04:49:45

Health: -10/88     AC: 32    Str: 11    XL:     14   Next: 17%
Magic:  6/28       EV: 17    Int: 22    God:    Kikubaaqudgha [*****.]
Gold:   392        SH:  0    Dex: 14    Spells: 3/33 levels left

rFire    + . .     SeeInvis .   d - +9 staff of Olgreb {rPois}
rCold    . . .     Gourm    .   (no shield)
rNeg     . . .     Faith    +   e - +4 ring mail of Impatience {rF+ Slay+2}
rPois    ∞         Spirit   .   a - +2 helmet
rElec    .         Reflect  .   h - scarf {repulsion}
rCorr    .         Harm     .   I - +0 pair of gloves
MR       +....                  Z - +2 pair of boots
Stlth    +.........             u - amulet "Qaaruig" {Faith Int+3}
HPRegen  1.24/turn              V - +5 ring of evasion
MPRegen  0.21/turn              H - +5 ring of protection

@: radiating poison, sanguine armour, very slightly contaminated, repel missiles
A: talons 2, demonic guardian 2, powered by death 2, sanguine armour 2
a: Receive Corpses, Torment, Renounce Religion


You were on level 1 of the Spider Nest.
You worshipped Kikubaaqudgha.
Kikubaaqudgha was extremely pleased with you.
You were near starving.

You visited 4 branches of the dungeon, and saw 18 of its levels.
You also visited: Bailey, Gauntlet, Ice Cave and Volcano.

You collected 1146 gold pieces.
You spent 754 gold pieces at shops.

Inventory:

Hand Weapons
 d - the +9 staff of Olgreb (weapon) {rPois}
   (You found it on level 8 of the Dungeon)

   It protects you from poison.
 j - a +4 arbalest
 x - a +5 flail of crushing
 z - a +2 demon trident of freezing
Missiles
 g - 12 atropa-tipped darts
 i - 9 curare-tipped darts
 m - 270 bolts
 n - 29 poisoned darts (quivered)
 q - 2 throwing nets
 r - 26 javelins
Armour
 a - a +2 helmet (worn)
 e - the +4 ring mail of Impatience (worn) {rF+ Slay+2}
   (You bought it in a shop on level 8 of the Dungeon)

   It affects your accuracy and damage with ranged weapons and melee attacks
   (+2).
   It protects you from fire.
 h - a scarf of repulsion (worn)
 E - a +0 buckler
 I - a +0 pair of gloves (worn)
 Z - a +2 pair of boots (worn)
Jewellery
 u - the amulet "Qaaruig" (around neck) {Faith Int+3}
   (You found it in a Gauntlet)

   [amulet of faith]

   It allows you to gain divine favour quickly.
   It affects your intelligence (+3).
 H - a +5 ring of protection (right hand)
 S - an uncursed ring of see invisible
 V - a +5 ring of evasion (left hand)
Wands
 w - a wand of clouds (12)
 y - a wand of scattershot (6)
 J - a wand of digging (3)
 K - a wand of iceblast (7)
 O - a wand of acid (15)
 P - a wand of disintegration (44)
Scrolls
 k - 2 scrolls of summoning {unknown}
 l - 2 scrolls of amnesia
 o - 3 scrolls of remove curse
 p - 3 scrolls of blinking {unknown}
 t - 2 scrolls of magic mapping
 v - 2 scrolls of fear {unknown}
 B - 8 scrolls of immolation
 C - a scroll of identify
 G - 5 scrolls of teleportation
 L - a scroll of holy word {unknown}
 Q - a scroll of torment {unknown}
 X - a scroll of brand weapon
 Y - a scroll of fog {unknown}
Potions
 b - 7 potions of heal wounds
 c - a potion of might {unknown}
 s - a potion of flight {unknown}
 A - a potion of curing
 D - 5 potions of brilliance
 M - a potion of berserk rage {unknown}
 N - a potion of resistance {unknown}
 R - 2 potions of mutation
Miscellaneous
 F - a phial of floods
 U - a lamp of fire (inert)
Comestibles
 f - 21 rations


   Skills:
 - Level 1.0 Fighting
   Level 2.1(4.0) Slings
 - Level 5.2(5.4) Throwing
 - Level 7.8 Armour
 - Level 3.1 Dodging
 - Level 4.0 Shields
 * Level 10.3 Spellcasting
 - Level 6.3 Hexes
 * Level 16.9 Necromancy
 * Level 1.5 Earth Magic
 * Level 8.2 Evocations


You had 3 spell levels left.
You knew the following spells:

 Your Spells              Type           Power        Failure   Level  Hunger
a - Corona                Hex            #####..      1%          1    None
b - Slow                  Hex            #####...     1%          2    None
c - Cause Fear            Hex            #####.....   9%          4    ##.....
d - Vampiric Draining     Necr           ######....   1%          3    None
e - Sublimation of Blood  Necr           ######....   1%          2    None
f - Spectral Weapon       Hex/Chrm       ####....     10%         3    None
g - Regeneration          Chrm/Necr      #####.....   1%          3    None
h - Borgnjor's Vile Clut  Necr/Erth      ######....   8%          5    ####...
i - Animate Dead          Necr           N/A          1%          4    ##.....
j - Portal Projectile     Hex/Tloc       ####..       10%         3    None

Your spell library contained the following spells:

 Spells                   Type           Power        Failure   Level  Hunger
 Animate Skeleton         Necr           N/A          0%          1    None
 Pain                     Necr           ####         0%          1    None
 Inner Flame              Hex/Fire       ####....     10%         3    None
 Infusion                 Chrm           ##..         12%         1    None
 Shroud of Golubria       Chrm/Tloc      ##........   19%         2    None
 Song of Slaying          Chrm           ##......     19%         2    None
 Agony                    Necr           ######..     1%          5    ####...
 Dispel Undead            Necr           ######..     1%          5    ####...
 Bolt of Draining         Conj/Necr      #####.....   11%         5    ####...
 Leda's Liquefaction      Hex/Erth       ####......   24%         4    ##.....
 Bolt of Magma            Conj/Fire/Erth ##........   95%         5    ####...
 Iron Shot                Conj/Erth      ##........   100%        6    ######.
 Statue Form              Tmut/Erth      ##.......    100%        6    ######.
 Shatter                  Erth           ###.......   100%        9    #######


Dungeon Overview and Level Annotations

Branches:
Dungeon (10/15)            Temple (1/1) D:5            Lair (6/6) D:9
 Shoals (0/4) Lair:4       Spider (1/4) Lair:3        Slime (0/5) Lair:5
    Orc: D:9-12

Altars:
Ashenzari
Cheibriados
Dithmenos
Elyvilon
Fedhas
Gozag
Kikubaaqudgha
Nemelex Xobeh
Okawaru
Qazlal
Ru
Sif Muna
Trog
Uskayaw
Yredelemnul
The Shining One

Shops:
D:8 [

Annotations:
D:2 2 transporters, Terence
D:8 1 runed translucent door
Spider:1 Nikola


Innate Abilities, Weirdness & Mutations

You have razor-sharp toenails.
A demonic guardian rushes to your aid.
You regenerate health from kills.
When seriously injured, your bleeding wounds create thick armour. (AC +9)


Message History

Press: ? - help, Shift-Dir - straight line, f/p - Nikola
Aim: Nikola, wielding a +0 rapier of electrocution, wearing a +0 cloak and wearing the +1 pair of gloves of Hospitality {rF+} (heavily wounded, poisoned) Out of range.
Out of range.
Okay, then.
You feel slightly more hungry.
Nikola looks as sick as possible!
Nikola mumbles some strange words.
You hear a mighty clap of thunder!
The lightning arc hits you!!
Your blood congeals into armour.
The lightning arc hits your spectral weapon!
Your spectral weapon resists.
Your spectral weapon shares its damage with you!
The lightning arc hits you!
* * * LOW HITPOINT WARNING * * *
The lightning arc hits your spectral weapon.
Your spectral weapon resists.
Your spectral weapon shares its damage with you!
The lightning arc hits you!!
You die...
Kikubaaqudgha rasps: "You have failed me!
Welcome... death!"

#^...........#.#...
^s........#.......
.......#........# .
...#.........#..# .#
s..........#†...#..#
........†......#....
...>....#†..........
....#..#†.3.....#.#
...#.#.^.@3..#..# #
#....†(...#..#
##....†......@...
#............#..
#...#....#.#.# .
#.....#......#
####..#.#....#
#######.### ##


You could see Nikola, a friendly soul eater, a friendly smoke demon and a
friendly spectral +9 staff of Olgreb {rPois}.

Vanquished Creatures
  4 dire elephants (Lair:6)
  A minotaur (Gauntlet)
  4 hydras
  2 death yaks
  A fire crab (Lair:6)
  An obsidian statue (Volcano)
  A necromancer (Lair:2)
  An orc sorcerer (Volcano)
  An orc knight (Bailey)
  An orb spider (Spider:1)
  An ugly thing (Volcano)
  3 wolf spiders (Spider:1)
  Joseph (D:10)
  3 black mambas
  2 ice statues (IceCv)
  6 elephants
  A smoke demon (Volcano)
  5 spiny frogs
  2 rime drakes
  5 komodo dragons
  5 ice devils (IceCv)
  3 jumping spiders (Spider:1)
  A red devil (Volcano)
  A polar bear (Lair:5)
  3 hornets (D:8)
  Grinder (D:4)
  5 blink frogs
  8 hippogriffs
  2 redbacks (Spider:1)
  6 fire bats (Volcano)
  2 wraiths (Lair:6)
  A wyvern (Lair:4)
  23 yaks
  2 basilisks
  2 neqoxecs (Gauntlet)
  Edmund (D:5)
  2 soldier ants (D:8)
  A hell hound (Volcano)
  9 water moccasins
  5 porcupines
  15 orc warriors
  8 ice beasts
  A necrophage (D:9)
  A black bear (D:8)
  A phantom (D:9)
  20 wolves
  An ogre (D:9)
  4 boggarts (Lair:6)
  3 centaurs
  9 crocodiles
  2 big kobolds
  10 bullfrogs
  2 scorpions
  13 killer bees
  A howler monkey (D:10)
  4 vampire bats (Lair:5)
  5 crimson imps
  5 lava snakes (Volcano)
  3 bullfrog zombies
  A jelly (D:8)
  3 orc priests
  A bullfrog skeleton (D:10)
  6 hounds
  13 orc wizards
  3 centaur skeletons
  4 iguanas
  Ijyb (D:5)
  A polar bear simulacrum (Lair:2)
  17 worker ants
  4 yak simulacra (Lair:2)
  A killer bee zombie (D:6)
  2 wolf simulacra (Lair:2)
  A hound zombie (D:6)
  2 hound skeletons
  11 adders
  3 gnolls (D:4)
  7 shadow imps
  6 white imps (IceCv)
  4 ufetubi (IceCv)
  An ooze (D:1)
  An adder skeleton (D:7)
  3 worms
  A dart slug (D:1)
  2 leopard geckos
  31 orcs
  A ball python (D:3)
  9 giant cockroaches
  12 goblins
  8 hobgoblins
  3 jackals (D:8)
  4 quokkas
  13 bats
  7 frilled lizards
  21 kobolds
  7 rats
  4 river rat simulacra (Lair:2)
  2 plants (Lair:6)
458 creatures vanquished.

Vanquished Creatures (collateral kills)
  A reaper (IceCv)
  2 dire elephants (Lair:6)
  Josephine (Lair:6)
  Fannar (D:10)
  A hydra (Lair:6)
  An anaconda (Lair:6)
  A two-headed ogre (D:9)
  2 death yaks (Lair:6)
  Sonja (Lair:3)
  A wretched star (Gauntlet)
  A deep troll (shapeshifter) (Gauntlet)
  2 wolf spiders (Spider:1)
  A faun (shapeshifter) (Gauntlet)
  2 elephants
  A black mamba (Lair:4)
  Psyche (D:10)
  A spiny frog (Lair:5)
  4 ice devils (IceCv)
  A demonic crawler (Spider:1)
  A wraith (Lair:6)
  14 yaks
  A steam dragon (shapeshifter) (Gauntlet)
  A soldier ant (D:8)
  A water moccasin (Lair:4)
  2 porcupines
  2 orc warriors (Bailey)
  A sky beast (D:9)
  A black bear (Lair:6)
  4 ice beasts
  2 wolves
  2 ogres
  2 bullfrogs
  A small abomination (Gauntlet)
  A worker ant (D:8)
  An ufetubus (IceCv)
  An orc (D:9)
  4 plants
68 creatures vanquished.

Vanquished Creatures (others)
  An orc wizard (D:8)
  5 white imps (IceCv)
  4 ufetubi (IceCv)
  An orc (Bailey)
  2 fungi (Gauntlet)
  14 plants
  22 spectral weapons
  3 withered plants (Gauntlet)
52 creatures vanquished.

Grand Total: 578 creatures vanquished

Notes
Turn   | Place    | Note
-------+----------+-------------------------------------------
     0 | D:1      | Iscandelvey the Demonspawn Arcane Marksman began the quest
                  | for the Orb.
     0 | D:1      | Reached XP level 1. HP: 15/15 MP: 2/2
   113 | D:1      | Gained mutation: You regenerate a little health from kills.
                  | [demonic ancestry]
   113 | D:1      | Reached XP level 2. HP: 3/21 MP: 3/3
   677 | D:1      | Learned a level 2 spell: Slow
  1085 | D:2      | Reached XP level 3. HP: 15/26 MP: 0/4
  1155 | D:2      | Reached skill level 1 in Throwing
  1374 | D:2      | Found a transporter.
  1403 | D:2      | Found a snail-covered altar of Cheibriados.
  1427 | D:2      | Noticed Terence
  1870 | D:2      | Found a transporter.
  2233 | D:3      | You fall into a shaft and drop 2 floors!
  2233 | D:5      | Entered Level 5 of the Dungeon
  2406 | D:5      | Gained mutation: You have sharp toenails. [demonic
                  | ancestry]
  2406 | D:5      | Reached XP level 4. HP: 24/32 MP: 1/6
  2994 | D:5      | Noticed an ice beast
  3039 | D:5      | Noticed Ijyb
  3157 | D:5      | Gained mutation: You regenerate health from kills. [demonic
                  | ancestry]
  3157 | D:5      | Reached XP level 5. HP: 37/37 MP: 5/8
  3510 | D:3      | Found an iron altar of Okawaru.
  4129 | D:4      | Reached XP level 6. HP: 33/43 MP: 6/9
  4784 | D:4      | Noticed Grinder
  4808 | D:4      | Paralysed by Grinder for 2 turns
  4950 | D:4      | Learned a level 4 spell: Cause Fear
  5141 | D:4      | Paralysed by Grinder for 5 turns
  5149 | D:4      | Paralysed by Grinder for 3 turns
  5512 | D:4      | Reached XP level 7. HP: 46/48 MP: 9/12
  5591 | D:4      | Paralysed by Grinder for 3 turns
  5602 | D:4      | Paralysed by Grinder for 2 turns
  5615 | D:4      | Killed Grinder
  5615 | D:4      | Reached skill level 5 in Hexes
  6138 | D:5      | Reached skill level 5 in Spellcasting
  6195 | D:5      | Killed Ijyb
  6235 | D:5      | Noticed Edmund
  6283 | D:5      | Killed Edmund
  6283 | D:5      | Gained mutation: A weak demonic guardian rushes to your
                  | aid. [demonic ancestry]
  6283 | D:5      | Reached XP level 8. HP: 54/54 MP: 12/16
  6333 | D:5      | Found a staircase to the Ecumenical Temple.
  6343 | Temple   | Entered the Ecumenical Temple
  6349 | Temple   | Became a worshipper of Kikubaaqudgha
  7352 | D:6      | Reached skill level 5 in Throwing
  7689 | D:7      | Reached * piety under Kikubaaqudgha
  7689 | D:7      | Identified Kikubaaqudgha's Handbook of Evil Magic
                  | (Kikubaaqudgha gifted it to you on level 7 of the Dungeon)
  7689 | D:7      | Received a gift from Kikubaaqudgha
  7689 | D:7      | Reached skill level 1 in Shields
  7712 | D:7      | Learned a level 3 spell: Vampiric Draining
  7715 | D:7      | Learned a level 2 spell: Sublimation of Blood
  7989 | D:7      | Reached skill level 1 in Necromancy
  7989 | D:7      | Gained mutation: When seriously injured, your bleeding
                  | wounds create armour. (AC +9) [demonic ancestry]
  7989 | D:7      | Reached XP level 9. HP: 59/59 MP: 19/19
  8149 | D:7      | Reached skill level 2 in Necromancy
  8415 | D:8      | Found Tetam's Armour Shoppe.
  8635 | D:8      | Reached skill level 3 in Necromancy
  8807 | D:8      | Reached skill level 4 in Necromancy
  8953 | D:8      | Found the +9 staff of Olgreb {rPois}
  8956 | D:8      | Found a runed translucent door.
  8978 | D:8      | Found a runed translucent door.
  8987 | D:8      | Found a runed translucent gate.
  8987 | D:8      | Found a runed translucent gate.
  9867 | D:8      | Found a runed translucent gate.
 10027 | D:9      | Reached ** piety under Kikubaaqudgha
 10030 | D:9      | Reached skill level 5 in Necromancy
 10180 | D:8      | Gained mutation: You have razor-sharp toenails. [demonic
                  | ancestry]
 10180 | D:8      | Reached XP level 10. HP: 51/65 MP: 17/22
 10226 | D:9      | Found a staircase to the Lair.
 10531 | D:9      | Reached skill level 1 in Armour
 10664 | D:9      | Reached skill level 6 in Necromancy
 10726 | D:9      | Noticed a two-headed ogre
 10744 | D:9      | Killed a two-headed ogre
 10990 | D:10     | Entered Level 10 of the Dungeon
 10991 | D:10     | Identified 4 scrolls of acquirement
 10995 | D:10     | Found a flagged portal.
 11089 | Bailey   | Entered a bailey
 11492 | Bailey   | Learned a level 3 spell: Spectral Weapon
 11496 | Bailey   | Learned a level 3 spell: Regeneration
 11499 | Bailey   | Learned a level 2 spell: Shroud of Golubria
 11504 | Bailey   | Found a roughly hewn altar of Beogh.
 11504 | Bailey   | Noticed an orc knight
 11579 | Bailey   | Killed an orc knight
 11686 | Bailey   | Reached skill level 7 in Necromancy
 11929 | Bailey   | Got a scorched marble ring
 12113 | Bailey   | Identified the ring of the Final Chapter {*Tele rC+ Slay+2
                  | Stlth+} (You found it in a bailey)
 12745 | Bailey   | Reached *** piety under Kikubaaqudgha
 12745 | Bailey   | Identified Kikubaaqudgha's Grimoire of Stolen Souls
                  | (Kikubaaqudgha gifted it to you in a bailey)
 12745 | Bailey   | Received a gift from Kikubaaqudgha
 13336 | D:10     | Learned a level 4 spell: Animate Dead
 13400 | D:10     | Noticed Joseph
 13413 | D:10     | Killed Joseph
 13691 | D:10     | Reached skill level 8 in Necromancy
 14204 | D:10     | Noticed Psyche
 14222 | D:10     | Killed Psyche
 14263 | D:10     | Noticed Fannar
 14548 | D:10     | Reached XP level 11. HP: 44/70 MP: 17/24
 15298 | D:10     | Killed Fannar
 15298 | D:10     | Reached skill level 5 in Armour
 15409 | D:8      | Bought the +4 ring mail of Impatience {rF+ Slay+2} for 556
                  | gold pieces
 15533 | Lair:1   | Entered Level 1 of the Lair of Beasts
 15920 | Lair:1   | Reached skill level 9 in Necromancy
 16585 | Lair:2   | Noticed a necromancer
 16770 | Lair:2   | Killed a necromancer
 16854 | Lair:2   | Noticed a five-headed hydra
 16926 | Lair:1   | Killed a five-headed hydra
 16974 | Lair:1   | Learned a level 3 spell: Portal Projectile
 17098 | Lair:2   | Reached skill level 10 in Necromancy
 17135 | Lair:2   | Reached **** piety under Kikubaaqudgha
 17151 | Lair:2   | Noticed a seven-headed hydra
 17189 | Lair:2   | Killed a seven-headed hydra
 17847 | Lair:2   | Reached skill level 11 in Necromancy
 17979 | Lair:3   | Found a hole to the Spider Nest.
 18010 | Lair:3   | Noticed Sonja
 18031 | Lair:3   | Killed Sonja
 18165 | Lair:3   | Found a frozen archway.
 18227 | Lair:3   | Gained mutation: A demonic guardian rushes to your aid.
                  | [demonic ancestry]
 18227 | Lair:3   | Reached XP level 12. HP: 76/76 MP: 16/25
 18379 | IceCv    | Entered an ice cave
 18623 | IceCv    | Reached skill level 12 in Necromancy
 19522 | IceCv    | Noticed a reaper
 19535 | IceCv    | Killed a reaper
 19583 | IceCv    | Got a distressingly furry robe
 19601 | IceCv    | Got an ichor-stained demon trident
 19714 | IceCv    | Identified the +1 robe of Muttered Phrases {*Slow rElec
                  | MR++ SInv} (You found it in an ice cave)
 19725 | IceCv    | Identified the cursed +1 demon trident of Anguish {flame,
                  | rPois rN+ MR+++ Str-4} (You found it in an ice cave)
 19886 | Lair:3   | Reached skill level 13 in Necromancy
 20426 | Lair:4   | Found a gate leading to a gauntlet.
 20459 | Gauntlet | Entered a Gauntlet
 20459 | Gauntlet | Found a transporter.
 20459 | Gauntlet | Found a transporter.
 20459 | Gauntlet | Noticed a death ooze
 20478 | Gauntlet | Found a transporter.
 20482 | Gauntlet | Found a transporter.
 20501 | Gauntlet | Found a transporter.
 20518 | Gauntlet | Found a transporter.
 20524 | Gauntlet | Found a transporter.
 20532 | Gauntlet | Found a transporter.
 20554 | Gauntlet | Found a transporter.
 20562 | Gauntlet | Found a transporter.
 20590 | Gauntlet | Found a transporter.
 20602 | Gauntlet | Found a transporter.
 21037 | Gauntlet | Reached skill level 14 in Necromancy
 21054 | Gauntlet | Got a heavily runed zirconium amulet
 21096 | Gauntlet | Noticed a minotaur
 21113 | Gauntlet | Killed a minotaur
 21165 | Gauntlet | Identified the amulet "Qaaruig" {Faith Int+3} (You found it
                  | in a Gauntlet)
 21364 | Lair:4   | Found a staircase to the Shoals.
 21431 | Lair:4   | Noticed a four-headed hydra
 21439 | Lair:4   | Killed a four-headed hydra
 21693 | D:8      | Bought a +2 helmet for 198 gold pieces
 21849 | D:8      | Reached skill level 15 in Necromancy
 22434 | Lair:5   | Reached skill level 1 in Evocations
 22523 | Lair:5   | Found a staircase to the Slime Pits.
 22947 | Lair:5   | Gained mutation: When seriously injured, your bleeding
                  | wounds create thick armour. (AC +9) [demonic ancestry]
 22947 | Lair:5   | Reached XP level 13. HP: 81/81 MP: 26/26
 22982 | Lair:5   | Got a crystal great sword
 22983 | Lair:5   | Identified the cursed +0 great sword of Courage {slice,
                  | rElec} (You found it on level 5 of the Lair of Beasts)
 23552 | Lair:5   | Reached ***** piety under Kikubaaqudgha
 23912 | Lair:5   | Learned a level 5 spell: Borgnjor's Vile Clutch
 23924 | Lair:6   | Entered Level 6 of the Lair of Beasts
 24154 | Lair:6   | Noticed Josephine
 24181 | Lair:6   | Killed Josephine
 24229 | Lair:6   | Reached skill level 5 in Evocations
 24323 | Lair:6   | Found a dark tunnel.
 24337 | Volcano  | Entered a volcano
 24505 | Volcano  | Reached skill level 16 in Necromancy
 24684 | Volcano  | Found a bloodstained altar of Trog.
 26417 | Lair:6   | Noticed a dire elephant
 26417 | Lair:6   | Noticed a dire elephant
 26419 | Lair:6   | Noticed a dire elephant
 26524 | Lair:6   | Noticed a dire elephant
 26538 | Lair:6   | Killed a dire elephant
 26574 | Lair:6   | Noticed a dire elephant
 26586 | Lair:6   | Killed a dire elephant
 26676 | Lair:6   | Killed a dire elephant
 26687 | Lair:6   | Noticed a dire elephant
 26708 | Lair:6   | Killed a dire elephant
 26708 | Lair:6   | Reached skill level 10 in Spellcasting
 26912 | Lair:6   | Killed a dire elephant
 26912 | Lair:6   | Reached XP level 14. HP: 58/88 MP: 3/28
 27364 | Spider:1 | Entered Level 1 of the Spider Nest
 27370 | Spider:1 | Reached skill level 1 in Earth Magic
 27404 | Spider:1 | Identified the +1 pair of gloves of Hospitality {rF+}
 27404 | Spider:1 | Noticed Nikola
 27427 | Spider:1 | Killed from afar by Nikola

Levels and vault maps discovered:
D:1:      minmay_arrival_loop, layout_basic, roderic_roman_lattice,
          minmay_misc_feat_rows
D:2:      layout_basic, gammafunk_temple_overflow_arena, first_ration,
          uniq_terence
D:3:      minmay_skewed_foursquare, layout_loops_corners, lemuel_tele_altar
D:4:      layout_rooms, uniq_grinder
D:5:      layout_loops_ring, temple_hall, minmay_fountain_box, chequers_jeans,
          uniq_edmund, uniq_ijyb
D:6:      layout_loops_cross
D:7:      layout_basic
D:8:      layout_rooms, serial_shops, nicolae_shop_crystal,
          hangedman_pestilent_swarm, minmay_guarded_unrand_staff_of_olgreb
D:9:      layout_gridville, david_lair_generic
D:10:     layout_irregular_city, enter_bailey_3, uniq_joseph, uniq_psyche,
          uniq_fannar
Temple:   dpeg_three_leaves_temple
Lair:1:   layout_roguey
Lair:2:   layout_hall_layers, chequers_serial_rivers_small_3,
          serial_bayou_pond_e, eino_house_with_fridge
Lair:3:   layout_chaotic_city, dummy_spider_entry,
          portal_ice_cave_entry_ice_beasts, uniq_sonja
Lair:4:   layout_hall_layers, shoals_dummy_entry, gauntlet_entry_generic,
          grunt_megastairs_5
Lair:5:   layout_regular_city, slime_dummy, roderic_batcave, minivault_23,
          chequers_serial_rivers_micro_d, beast_lair_carwin_5,
          grunt_megastairs_3, serial_bayou_shore_a, serial_bayou_shore_b
Lair:6:   due_jungle_book, layout_loops_ring, nicolae_volcano_entry_s_turn,
          kilobyte_rumbling_trees, infiniplex_staircase_pool,
          lemuel_fruit_fields, serial_bayou_shore_b, uniq_josephine
Spider:1: cheibrodos_forgotten_conduit, ebering_ghost_disaster_area, drop_trap,
          uniq_asterion, uniq_nikola, uniq_azrael

Skill      XL: |  1  2  3  4  5  6  7  8  9 10 11 12 13 14 |
---------------+-------------------------------------------+-----
Slings         | 2 |  2.1
Dodging        | 2 3 |  3.1
Throwing       | 1 2 3 5 |  5.2
Spellcasting   | 2 3 5 6 8 9 10 | 10.3
Hexes          | 4 5 6 |  6.3
Shields        | 1 4 |  4.0
Necromancy     | 1 5 8 11 15 16 | 16.9
Armour         | 4 7 |  7.8
Evocations     | 2 7 8 |  8.2
Earth Magic    | 1 |  1.5
Fighting       | |  1.0

Action                   |  1- 3 |  4- 6 |  7- 9 | 10-12 | 13-15 || total
-------------------------+-------+-------+-------+-------+-------++-------
Melee: Short sword       |       |    11 |       |       |       ||    11
       Whip              |       |    61 |    36 |       |       ||    97
       Flail             |       |       |   306 |   476 |     3 ||   785
       Arbalest          |       |       |       |     1 |       ||     1
       Demon trident     |       |       |       |   165 |    94 ||   259
       Staff             |       |       |       |    46 |   196 ||   242
       Executioner's axe |       |       |       |     1 |       ||     1
       Great sword       |       |       |       |       |    26 ||    26
 Fire: Hunting sling     |   171 |   130 |     2 |       |       ||   303
       Arbalest          |       |       |       |   158 |    76 ||   234
Throw: Dart              |       |    40 |   104 |    50 |     4 ||   198
       Javelin           |       |       |    10 |    14 |       ||    24
       Stone             |       |       |       |     2 |       ||     2
 Cast: Corona            |     7 |    18 |    23 |    30 |     8 ||    86
       Slow              |    11 |    35 |    37 |    49 |    28 ||   160
       Cause Fear        |       |       |     1 |     8 |     6 ||    15
       Vampiric Draining |       |       |     2 |    23 |    19 ||    44
       Spectral Weapon   |       |       |       |    34 |    30 ||    64
       Regeneration      |       |       |       |     6 |     4 ||    10
       Shroud of Golubri |       |       |       |     6 |     1 ||     7
       Animate Dead      |       |       |       |    11 |     1 ||    12
       Portal Projectile |       |       |       |     3 |     2 ||     5
       Borgnjor's Vile C |       |       |       |       |     9 ||     9
       Sublimation of Bl |       |       |       |       |     5 ||     5
Invok: Receive Corpses   |       |       |       |    11 |     4 ||    15
Evoke: Staff of Olgreb   |       |       |       |     1 |    24 ||    25
       Wand              |       |       |       |     1 |       ||     1
       Lamp of fire      |       |       |       |       |     1 ||     1
  Use: Scroll            |       |     4 |     1 |     8 |     3 ||    16
       Potion            |       |       |       |       |     1 ||     1
 Stab: Distracted        |       |       |     1 |     1 |     3 ||     5
  Eat: Chunk             |     5 |    12 |    17 |    33 |    18 ||    85
       Ration            |       |       |       |     4 |       ||     4
Armor: Robe              |    12 |       |       |       |       ||    12
       Leather armour    |       |    25 |   140 |    38 |       ||   203
       Ring mail         |       |       |       |   325 |   157 ||   482
Dodge: Dodged            |    36 |    90 |   229 |   864 |   321 ||  1540
       Deflected         |       |     7 |     3 |    64 |     9 ||    83
Block: Buckler           |       |       |    57 |   186 |       ||   243
       Rpst.: Great sword |       |       |       |       |     8 ||     8

Table legend:
 A = Non-vault XP
 B = Vault XP
 C = Vault XP percentage of total XP
 D = Non-vault monster count
 E = Vault monster count
 F = Vault count percentage of total count
                 A         B        C        D         E       F
            +---------+---------+-------+---------+---------+-------
      Total |   45088 |   25910 |  36.5 |     350 |     175 |  33.3
            +---------+---------+-------+---------+---------+-------
        D:1 |      33 |       0 |   0.0 |      18 |       0 |   0.0
        D:2 |      41 |       0 |   0.0 |      21 |       0 |   0.0
        D:3 |     135 |      25 |  15.6 |      24 |       6 |  20.0
        D:4 |     407 |     272 |  40.1 |      18 |       1 |   5.3
        D:5 |     577 |     212 |  26.9 |      16 |       2 |  11.1
        D:6 |     665 |       0 |   0.0 |      15 |       0 |   0.0
        D:7 |     926 |       0 |   0.0 |      32 |       0 |   0.0
        D:8 |     758 |    2573 |  77.2 |      22 |      26 |  54.2
        D:9 |    1874 |     234 |  11.1 |      18 |       2 |  10.0
       D:10 |     980 |    1370 |  58.3 |      26 |       7 |  21.2
     Lair:1 |    3011 |       0 |   0.0 |      14 |       0 |   0.0
     Lair:2 |    4620 |     829 |  15.2 |      19 |      12 |  38.7
     Lair:3 |    2317 |    1429 |  38.1 |      12 |       9 |  42.9
     Lair:4 |    4112 |     248 |   5.7 |      21 |       2 |   8.7
     Lair:5 |    4681 |    2167 |  31.6 |      17 |      16 |  48.5
     Lair:6 |   15146 |    3963 |  20.7 |      45 |      16 |  26.2
   Spider:1 |    4805 |       0 |   0.0 |      12 |       0 |   0.0
     Bailey |       0 |    2352 | 100.0 |       0 |      24 | 100.0
      IceCv |       0 |    3554 | 100.0 |       0 |      27 | 100.0
    Volcano |       0 |    4076 | 100.0 |       0 |      17 | 100.0
   Gauntlet |       0 |    2606 | 100.0 |       0 |       8 | 100.0
            +---------+---------+-------+---------+---------+-------
